AoeStats
← parry enjoyer

African Clearing

504956387Analyzed
2v2 RM · 25d ago on Sep 7, 2026· 56m 54s· 4 players
Game mode
Random Map
Map size
Medium (4 player)
Population
200
Speed
Normal
Resources
Standard
Victory
Conquest
Starting age
Dark Age
Ending age
Imperial Age
RankedLock teamsTeams togetherTeam positionsShared explorationLock speedFull tech treeHidden civsTurbo modeCheats
Victory
Defeat
🇨🇳 Koreans · China
825
+44
🇮🇩 Bulgarians · Indonesia
800
+17
🇺🇸 Lithuanians · United States
844
-22
🇱🇧 Persians · Lebanon
837
-32
parry enjoyer
8:35 Loom
15:28 Feudal Age
17:05 Double-Bit Axe
17:02 Horse Collar
22:31 Wheelbarrow
23:10 Arson
23:34 Town Watch
25:50 Castle Age
26:21 Scale Mail Armor
26:32 Forging
28:01 Hand Cart
28:31 Squires
30:39 Bow Saw
32:37 Heavy Plow
33:14 Gold Mining
33:29 Stone Mining
34:46 Chain Mail Armor
35:11 Murder Holes
40:12 Imperial Age
38:31 Stone Shaft Mining
39:02 Iron Casting
39:45 Ballistics
39:43 Gambesons
40:06 Stirrups
41:40 Conscription
41:58 Crop Rotation
43:23 Gold Shaft Mining
42:48 Fletching
43:30 Husbandry
43:44 Elite Konnik
45:00 Masonry
45:54 Chemistry
46:40 Scale Barding Armor
47:24 Bloodlines
47:38 Chain Barding Armor
48:43 Plate Barding Armor
48:31 Town Patrol
50:22 Blast Furnace
49:57 Capped Ram
51:42 Siege Engineers
52:10 Architecture
52:47 Plate Mail Armor
52:55 Bodkin Arrow
53:22 Bagains
1791912749
17:17 Feudal Age
17:39 Horse Collar
17:47 Double-Bit Axe
17:56 Gold Mining
17:57 Stone Mining
18:45 Wheelbarrow
25:35 Castle Age
24:52 Loom
27:06 Hand Cart
27:14 Town Watch
34:11 Bow Saw
37:03 Town Patrol
37:43 Heavy Plow
38:43 Ballistics
38:14 Heated Shot
40:28 Gold Shaft Mining
40:36 Stone Shaft Mining
40:35 Murder Holes
40:21 Treadmill Crane
44:30 Imperial Age
43:03 Scale Mail Armor
43:13 Forging
45:20 Chain Mail Armor
45:41 Iron Casting
45:11 Scale Barding Armor
44:57 Fletching
45:55 Conscription
46:40 Chemistry
46:29 Arson
46:44 Squires
46:29 Gambesons
46:07 Elite Fire Lancer
46:14 Elite Fire Lancer
46:40 Gambesons
47:33 Plate Mail Armor
47:02 Elite War Wagon
49:11 Chain Barding Armor
48:47 Bodkin Arrow
50:04 Shinkichon
51:32 Herbal Medicine
51:48 Fervor
51:59 Sanctity
53:18 Eupseong
54:18 Arrowslits
JoseeHrndz5
14:34 Feudal Age
15:14 Man-at-Arms
16:31 Bloodlines
27:53 Castle Age
29:37 Wheelbarrow
31:39 Double-Bit Axe
34:44 Horse Collar
35:16 Bow Saw
35:14 Light Cavalry
35:18 Long Swordsman
36:07 Scale Barding Armor
37:51 Husbandry
37:54 Squires
43:17 Imperial Age
41:19 Heavy Plow
42:01 Gold Mining
44:10 Fortified Wall
43:41 Treadmill Crane
43:57 Heated Shot
44:32 Conscription
44:13 Tower Shields
45:19 Crop Rotation
45:51 Two-Man Saw
44:35 Capped Ram
45:35 Hand Cart
44:56 Winged Hussar
45:01 Cavalier
45:57 Two-Handed Swordsman
45:58 Pikeman
46:24 Arson
48:20 Paladin
48:24 Elite Leitis
50:08 Chemistry
50:58 Chain Barding Armor
50:39 Scale Mail Armor
50:50 Forging
50:34 Town Watch
52:15 Champion
53:27 Stone Mining
54:22 Hoardings
53:59 Town Patrol
55:37 Halberdier
nabhab89
Connection lost

Rejoining the realm…

Still unreachable

The connection could not be restored.

Session expired

The server has moved on; the page needs a fresh start.